Map: Romanticide LE

Players

LiquidClem (Clem)

  • Race: Terran Terran
  • League: Grandmaster
  • Spawn Location: 11:00

Denver - Winner!

  • Race: Zerg Zerg
  • League: Master
  • Spawn Location: 5:00

Event: DreamHack SC2 Masters 2020 Winter

VOD

Have the link to the VOD?

Description

Time

  • Played on: Nov. 3, 2020, 10:29 a.m.
  • Length: 5:42

All games in this series

Show
View Real Time Build Order
Export as new Build Order

LiquidClem Terran 

Build Orders: Reaper Expand 

Get SALT Encoding   

  12  0:00  SCV  
  13  0:12  SCV  
  14  0:17  Supply Depot  
  14  0:24  SCV  
  15  0:38  SCV  
  15  0:40  Barracks  
  15  0:42  Refinery  
  16  0:50  SCV  
  17  1:02  SCV  
  18  1:15  SCV  
  19  1:27  Reaper, Orbital Command  
  20  1:37  Bunker  
  20  1:53  Command Center  
  21  1:58  Marine  
  21  2:02  Factory  
  21  2:05  SCV  
  22  2:10  Supply Depot  
  23  2:23  Marine  
  23  2:32  SCV  
  23  2:36  Barracks  
  24  2:42  Barracks Reactor  
  25  2:44  SCV  
  25  2:45  Hellion  
  27  2:56  SCV, Refinery  
  28  3:05  Orbital Command  
  28  3:08  SCV, Factory Tech Lab  
  29  3:20  SCV  
  29  3:21  Marine x2  
  31  3:28  Marine  
  31  3:32  SCV x2  
  33  3:34  Starport  
  33  3:38  Marine  
  33  3:39  Marine  
  35  3:44  SCV  
  35  3:46  Supply Depot  
  35  3:47  Marine  
  38  3:48  SCV  
  38  3:49  Factory Reactor  
  38  3:56  Marine  
  38  4:00  Marine  
  38  4:01  SCV  
  42  4:13  SCV  
  42  4:16  Marine  
  43  4:17  Orbital Command  
  43  4:18  Liberator  
  46  4:24  Supply Depot  
  46  4:25  SCV  
  46  4:30  Hellion  
  49  4:36  Hellion  
  51  4:39  Marine  
  51  4:41  SCV  
  51  4:43  SCV  
  54  4:48  Marine  
  54  4:49  Marine  
  56  4:53  SCV  
  56  4:56  SCV  
  58  5:04  Supply Depot  
  58  5:05  SCV, Supply Depot  
  59  5:08  SCV  
  59  5:09  Marine x2  
  59  5:10  Factory Tech Lab  
  62  5:26  SCV x2  
  62  5:27  Command Center  
Show
View Real Time Build Order
Export as new Build Order

Denver Zerg - Winner!

Build Orders: 3 Hatch before Pool 

Get SALT Encoding   

  12  0:00  Drone  
  13  0:12  Overlord  
  13  0:16  Drone  
  14  0:31  Drone x2  
  16  0:48  Hatchery  
  15  0:52  Drone  
  15  0:55  Drone  
  17  1:19  Hatchery  
  17  1:20  Drone  
  17  1:34  Spawning Pool  
  17  1:36  Drone  
  17  1:41  Drone  
  17  1:44  Drone  
  19  1:50  Drone  
  20  1:57  Extractor  
  20  1:58  Drone  
  21  2:01  Drone  
  21  2:09  Drone  
  21  2:12  Overlord  
  22  2:21  Queen x2  
  26  2:24  Zergling x2  
  27  2:32  Queen  
  27  2:36  Drone  
  30  2:38  Drone  
  30  2:41  Drone  
  32  2:46  Overlord  
  32  2:49  Drone  
  33  2:52  Drone  
  34  2:59  Metabolic Boost  
  34  3:01  Zergling x2  
  34  3:02  Zergling x2  
  34  3:04  Zergling x2  
  37  3:08  Drone x2  
  39  3:25  Overlord, Drone x2  
  41  3:29  Drone  
  41  3:30  Drone x4  
  44  3:37  Drone  
  41  3:42  Hatchery  
  41  3:48  Drone x2  
  42  3:51  Queen  
  42  3:55  Overlord  
  44  4:06  Baneling Nest  
  44  4:07  Zergling x4  
  45  4:10  Overlord  
  45  4:15  Zergling x12  
  51  4:19  Extractor  
  50  4:26  Zergling x4  
  52  4:35  Zergling x2  
  52  4:36  Zergling x2  
  54  4:38  Zergling x2  
  54  4:39  Zergling x4  
  54  4:42  Overlord  
  54  4:44  Zergling x6  
  60  4:53  Zergling x4  
  60  4:54  Overlord  
  60  4:55  Queen  
  64  5:01  Zergling x2  
  64  5:04  Zergling x2  
  66  5:08  Zergling x8  
  66  5:13  Baneling x12  
  70  5:14  Zergling x2  
  70  5:15  Zergling x4  
  73  5:28  Baneling  
Tags
 
Add a new tag
Caveats
  • Supply blocks, unpowered buildings, or Contaminate may cause inaccurate times.
  • Supply counts are checked every 10 seconds.